 Dungeon Crawl Stone Soup version 0.26.0-10-g1f06aea511 (webtiles) character file.

Game seed: 14125328340048234565

1039 wakim the Magician (level 8, -2/43 HPs)
             Began as a Deep Elf Ice Elementalist on Jan 28, 2021.
             Engulfed by a cloud of flame (11 damage)
             ... on level 6 of the Dungeon.
             The game lasted 00:26:15 (4352 turns).

wakim the Magician (Deep Elf Ice Elementalist)      Turns: 4352, Time: 00:26:15

Health: -2/43      AC:  7    Str:  7    XL:     8   Next: 4%
Magic:  17/20      EV: 16    Int: 21    God:
Gold:   272        SH:  0    Dex: 19    Spells: 14/21 levels left

rFire    . . .     SeeInvis .   a - +10 long sword "Ogodghorch" {drain, rN+ Will+ Dex+4 Stlth+}
rCold    + . .     Faith    .   (no shield)
rNeg     + . .     Spirit   .   u - +0 robe
rPois    .         Reflect  .   m - +2 hat
rElec    .         Harm     .   q - +1 cloak
rCorr    .         Rampage  .   x - +0 pair of gloves
Will     +....                  (no boots)
Stlth    +++.......             (no amulet)
HPRegen  0.14/turn              p - ring of protection from cold
MPRegen  0.17/turn              (no ring)

@: frozen ramparts
A: no striking features
a: no special abilities


You were on level 6 of the Dungeon.
You visited 1 branch of the dungeon, and saw 6 of its levels.

You collected 272 gold pieces.

Inventory:

Hand Weapons
 a - the +10 long sword "Ogodghorch" (weapon) {drain, rN+ Will+ Dex+4 Stlth+}
   (You found it on level 4 of the Dungeon)

   A truly terrible weapon, it drains the life of those it strikes.
   It affects your dexterity (+4).
   It protects you from negative energy.
   It affects your willpower, your defense against some magical effects.
   It makes you more stealthy.
 b - a +2 short sword of speed
 d - a +2 falchion of holy wrath
Armour
 m - a +2 hat (worn)
 q - a +1 cloak (worn)
 u - a +0 robe (worn)
 x - a +0 pair of gloves (worn)
Jewellery
 k - an uncursed ring of stealth {unknown}
 o - an uncursed ring of ice
 p - a ring of protection from cold (left hand)
 s - an uncursed ring of flight
 w - an uncursed ring of magical power {unknown}
Wands
 g - a wand of acid (6)
 r - a wand of polymorph (3)
Scrolls
 c - 2 scrolls of enchant armour
 h - 2 scrolls of immolation
 i - a scroll of blinking
 t - 4 scrolls of identify
Potions
 e - a potion of brilliance
 f - 2 potions of flight
 j - a potion of berserk rage
 l - 2 potions of heal wounds
 v - a potion of haste


   Skills:
 + Level 1.4 Fighting
 + Level 3.1 Short Blades
 + Level 5.1 Dodging
 - Level 2.4 Stealth
 * Level 7.1 Spellcasting
 + Level 3.0 Conjurations
 + Level 2.9 Summonings
 - Level 6.0 Ice Magic


You had 14 spell levels left.
You knew the following spells:

 Your Spells              Type           Power        Failure   Level
a - Freeze                Ice            100%         1%          1
b - Frozen Ramparts       Ice            64%          2%          3
c - Ozocubu's Armour      Ice            32%          2%          3

Your spell library contained the following spells:

 Spells                   Type           Power        Failure   Level
 Hailstorm                Conj/Ice       26%          14%         4
 Summon Ice Beast         Ice/Summ       26%          14%         4


Dungeon Overview and Level Annotations

Branches:
Dungeon (6/15)
 Temple: D:4-7

Altars:
Elyvilon
Kikubaaqudgha
Okawaru
Sif Muna

Shops:
D:4 (


Message History

Found 20 bolts.
There is a stone staircase leading up here.
As you read the scroll labelled FIVALU HINIU, it crumbles to dust.
The creatures around you are filled with an inner flame!
It was a scroll of immolation.
The walls around you are covered in ice.
The wall freezes the adder.
Flame seeps out of the adder.
The wall freezes the adder.
Flame seeps out of the adder.
The wall freezes the jelly.
Flame seeps out of the jelly.
The jelly is engulfed in blazing flames.
The jelly explodes!
The fiery explosion engulfs the adder!!
The adder explodes!
The fiery explosion engulfs you!!
Ouch! That really hurt!
* * * LOW HITPOINT WARNING * * *
Something shouts, "Scamper hence, thou feckless beef-witted hugger-mugger!"
You hear a shout! x2
You are engulfed in blazing flames.
You die...

#.....# #
#.....#
#.#.....#
.#.....+ .
......##..
#........#
#..#§#§§....#
....°○§@.#
....○#§§##
#.. ..(.. .
#.#..##
......#
....##.# ..#
. #.# .. .
###


There were no monsters in sight!

Vanquished Creatures
  Edmund (D:5)
  An ice beast (D:5)
  2 ogres (D:5)
  A centaur (D:4)
  Blork the orc (D:5)
  A jelly (D:6)
  An orc priest (D:4)
  Crazy Yiuf (D:2)
  A hound (D:4)
  3 orc wizards (D:4)
  An iguana (D:5)
  Ijyb (D:4)
  2 worker ants
  A hound skeleton (D:3)
  3 gnolls (D:3)
  10 adders
  A worm (D:2)
  An adder skeleton (D:3)
  An adder zombie (D:5)
  A dart slug (D:1)
  3 leopard geckos
  10 orcs
  4 giant cockroaches
  10 goblins
  6 hobgoblins
  A quokka (D:2)
  A ball python (D:3)
  6 bats
  2 frilled lizards (D:3)
  11 kobolds
  A leopard gecko skeleton (D:3)
  5 rats
95 creatures vanquished.

Notes
Turn   | Place    | Note
-------+----------+-------------------------------------------
     0 | D:1      | wakim the Deep Elf Ice Elementalist began the quest for the
                  | Orb.
     0 | D:1      | Reached XP level 1. HP: 10/10 MP: 6/6
   438 | D:1      | Reached XP level 2. HP: 15/15 MP: 6/8
  1084 | D:2      | Reached skill level 5 in Ice Magic
  1084 | D:2      | Reached XP level 3. HP: 19/19 MP: 7/10
  1088 | D:2      | Learned a level 3 spell: Frozen Ramparts
  1092 | D:2      | Learned a level 3 spell: Ozocubu's Armour
  1308 | D:2      | Reached skill level 1 in Short Blades
  1308 | D:2      | Reached XP level 4. HP: 24/24 MP: 7/11
  1450 | D:2      | Found an iron altar of Okawaru.
  1451 | D:2      | Found a white marble altar of Elyvilon.
  1585 | D:2      | Found a runed translucent door.
  1586 | D:2      | Noticed Crazy Yiuf
  1599 | D:2      | Killed Crazy Yiuf
  1600 | D:2      | Reached skill level 4 in Spellcasting
  2172 | D:3      | Reached XP level 5. HP: 27/28 MP: 6/13
  2436 | D:3      | Reached skill level 1 in Conjurations
  2591 | D:4      | Got a smoking long sword
  2592 | D:4      | Identified the +10 long sword "Ogodghorch" {drain, rN+
                  | Will+ Dex+4 Stlth+} (You found it on level 4 of the
                  | Dungeon)
  2665 | D:4      | Reached skill level 1 in Summonings
  2739 | D:4      | Noticed Ijyb
  2765 | D:4      | Killed Ijyb
  2805 | D:4      | Reached skill level 5 in Spellcasting
  2805 | D:4      | Reached XP level 6. HP: 32/32 MP: 11/15
  3030 | D:4      | Found an ancient bone altar of Kikubaaqudgha.
  3285 | D:4      | Found Dodao's Antique Weapon Shoppe.
  3583 | D:5      | Entered Level 5 of the Dungeon
  3590 | D:5      | Reached XP level 7. HP: 36/36 MP: 10/17
  3725 | D:5      | Reached skill level 6 in Spellcasting
  3787 | D:5      | Noticed Edmund
  3798 | D:5      | Killed Edmund
  3803 | D:5      | Reached skill level 1 in Fighting
  4027 | D:5      | Noticed Blork the orc
  4082 | D:5      | Reached skill level 5 in Dodging
  4187 | D:5      | Killed Blork the orc
  4188 | D:5      | Reached skill level 7 in Spellcasting
  4188 | D:5      | Reached XP level 8. HP: 42/43 MP: 14/20
  4259 | D:5      | Found a shimmering blue altar of Sif Muna.
  4352 | D:6      | Engulfed by a cloud of flame

Illustrated notes

Levels and vault maps discovered:
D:1:      erik_arrival_cave_to_civilisation [erik_arrival_cave_to_hall],
          layout_basic, minmay_hexomino_f4
D:2:      layout_rooms, gammafunk_temple_overflow_statue, serial_glass,
          glass_columns_c, glass_columns_a, uniq_crazy_yiuf_cottage
D:3:      layout_rooms, serial_undead, serial_undead_d, serial_undead_c,
          serial_undead_b, serial_undead_b
D:4:      layout_basic, nicolae_overflow_crystal_walls, serial_shops,
          nicolae_shop_waterfront, uniq_ijyb
D:5:      layout_gridville, lemuel_blue_sif_altar, uniq_blork_the_orc,
          uniq_edmund
D:6:      layout_basic, minmay_temple_entry_slanted, gammafunk_ghost_icy,
          minmay_misc_feat_rows, minivault_4, minmay_misc_feat_square,
          mrwooster_statue_mirror, minmay_unpleasant_kobolds, uniq_menkaure

Skill      XL: |  1  2  3  4  5  6  7 |
---------------+----------------------+-----
Dodging        | 3 4 5 |  5.1
Ice Magic      | 5 6 |  6.0
Short Blades   | 1 2 3 |  3.1
Spellcasting   | 4 5 7 |  7.1
Conjurations   | 1 2 3 |  3.0
Summonings     | 1 2 |  2.9
Fighting       | 1 |  1.4
Stealth        | |  2.4

Action                   |  1- 3 |  4- 6 |  7- 9 || total
-------------------------+-------+-------+-------++-------
Melee: Short sword       |     1 |    22 |       ||    23
       Long sword        |       |    16 |    17 ||    33
       Falchion          |       |     1 |       ||     1
       Unarmed           |       |       |     3 ||     3
 Cast: Freeze            |    32 |       |       ||    32
       Frozen Ramparts   |     5 |    33 |     8 ||    46
       Ozocubu's Armour  |       |     3 |     3 ||     6
  Use: Scroll            |       |    11 |     4 ||    15
 Stab: Sleeping          |     1 |       |       ||     1
Armor: Robe              |     1 |    13 |     3 ||    17
Dodge: Dodged            |    22 |    45 |    12 ||    79
       Rpst.: Long sword |       |     4 |     2 ||     6
